 Dungeon Crawl Stone Soup version 0.22.1-2-g9c5b331 (webtiles) character file.

729 Malhgor the Magician (level 7, 0/51 HPs)
             Began as a Gnoll Wizard on Dec 2, 2018.
             Slain by an orc
             ... wielding a +0 dagger
              (3 damage)
             ... on level 5 of the Dungeon.
             The game lasted 00:15:18 (4028 turns).

Malhgor the Magician (Gnoll Wizard)                 Turns: 4028, Time: 00:15:18

Health: 0/51       AC:  4    Str:  9    XL:     7   Next: 73%
Magic:  1/18       EV: 15    Int: 22    God:
Gold:   158        SH:  0    Dex: 14    Spells: 10/21 levels left

rFire    . . .     SeeInvis .   t - +2 dagger (speed)
rCold    + . .     Gourm    .   (no shield)
rNeg     . . .     Faith    .   c - +2 robe {rC+}
rPois    .         Spirit   .   b - +0 hat
rElec    .         Reflect  .   (no cloak)
rCorr    .         Harm     .   (no gloves)
MR       .....                  (no boots)
Stlth    +++.......             (no amulet)
HPRegen  0.17/turn              (no ring)
MPRegen  0.16/turn              (no ring)

@: no status effects
A: distributed training, fangs 1, strong nose
a: no special abilities


You were on level 5 of the Dungeon.
You were not hungry.

You visited 1 branch of the dungeon, and saw 6 of its levels.

You collected 158 gold pieces.

Inventory:

Hand Weapons
 g - a +0 short sword
 t - a +2 dagger of speed (weapon)
Armour
 a - a +0 robe
 b - a +0 hat (worn)
 c - a +2 robe of cold resistance (worn)
Jewellery
 e - a cursed -2 ring of protection {unknown}
Wands
 f - a wand of polymorph (10)
Scrolls
 m - a scroll of noise
Potions
 h - 4 potions of heal wounds
 l - 2 potions of mutation {unknown}
 n - 2 potions of haste {unknown}
 o - a potion of resistance {unknown}
 p - a potion of curing {unknown}
 q - a potion of agility {unknown}
 s - a potion of degeneration {unknown}
 u - a potion of lignification {unknown}
Comestibles
 d - 4 rations


   Skills:
 + Level 2.6 Fighting
 + Level 2.6 Short Blades
 + Level 2.6 Long Blades
 + Level 2.6 Axes
 + Level 2.6 Maces & Flails
 + Level 2.6 Polearms
 + Level 2.6 Staves
 + Level 2.6 Slings
 + Level 2.6 Bows
 + Level 2.6 Crossbows
 + Level 2.6 Throwing
 + Level 2.6 Armour
 + Level 5.3 Dodging
 + Level 5.0 Stealth
 + Level 2.6 Shields
 + Level 2.6 Unarmed Combat
 + Level 7.6 Spellcasting
 + Level 3.0 Conjurations
 + Level 2.1 Hexes
 + Level 2.1 Charms
 + Level 3.0 Summonings
 + Level 2.1 Necromancy
 + Level 3.0 Translocations
 + Level 2.1 Transmutations
 + Level 2.1 Fire Magic
 + Level 2.1 Ice Magic
 + Level 2.1 Air Magic
 + Level 2.1 Earth Magic
 + Level 2.1 Poison Magic
 + Level 2.9 Invocations
 + Level 2.6 Evocations


You had 10 spell levels left.
You knew the following spells:

 Your Spells              Type           Power        Failure   Level  Hunger
a - Magic Dart            Conj           ###.         2%          1    None
b - Blink                 Tloc           N/A          3%          2    None
c - Call Imp              Summ           ###.....     3%          2    None
d - Conjure Flame         Conj/Fire      ###.....     8%          3    None
e - Mephitic Cloud        Conj/Pois/Air  ###.....     9%          3    None

Your spell library contained the following spells:

 Spells                   Type           Power        Failure   Level  Hunger
 Slow                     Hex            ###.....     4%          2    None


Dungeon Overview and Level Annotations

Branches:
Dungeon (6/15)
 Temple: D:4-7

Altars:
Gozag
Xom

Annotations:
D:1 Done
D:2 Done
D:3 Done


Innate Abilities, Weirdness & Mutations

Your experience applies equally to all skills.
You have very sharp teeth.
Your uncanny sense of smell can sniff out nearby items.


Message History

The orc closely misses you.
Casting: Magic Dart (safe; 2% risk of failure)
Confirm with . or Enter, or press ? or * to list all spells.
You blink.
The ogre shouts!
You hear the rusting of a distant drain.
The jackal closely misses you. The ogre misses you.
The orc hits you with a flail.
* * * LOW HITPOINT WARNING * * *
The jackal closely misses you. The ogre hits you with a giant club!
* * * LOW HITPOINT WARNING * * *
An orc comes into view. It is wielding a dagger.
Things that are here:
a dagger; a robe; an orc corpse The jackal barely misses you.
The jackal misses you.
The orc shouts!
The orc hits you with a dagger.
You die...

#...# #..#.##
#o..#.# #.>....
##h##.# #.##.#.
#o##.# #.# # #.##.#
#.# #h##.# #o#
#.##.# #O#####
#h##.######.#.#....
#.@o........#o#.###
####.###### #.#.#
#.# #.#.#
#.########.#.###
#...5F.oO..#....
##########.#####
###


You could see 3 orcs and 3 jackals.

Vanquished Creatures
  2 phantoms (D:5)
  A bullfrog (D:5)
  An orc priest (D:3)
  Jessica (D:2)
  3 orc wizards
  Natasha (thrice) (D:2 D:1)
  A worker ant (D:2)
  Robin (D:3)
  3 gnolls (D:3)
  5 adders
  A shadow imp (D:5)
  3 worms
  2 dart slugs
  5 leopard geckos
  3 orcs
  10 bats
  3 giant cockroaches
  9 goblins
  10 hobgoblins
  6 jackals
  A ball python (D:4)
  3 frilled lizards
  7 kobolds
  11 rats
95 creatures vanquished.

Vanquished Creatures (collateral kills)
  Sigmund (D:3)
1 creature vanquished.

Grand Total: 96 creatures vanquished

Notes
Turn   | Place    | Note
-------+----------+-------------------------------------------
     0 | D:1      | Malhgor the Gnoll Wizard began the quest for the Orb.
     0 | D:1      | Reached XP level 1. HP: 13/13 MP: 8/8
   141 | D:1      | Reached XP level 2. HP: 19/19 MP: 6/10
   145 | D:1      | Learned a level 2 spell: Blink
   149 | D:1      | Learned a level 2 spell: Call Imp
   426 | D:1      | Reached XP level 3. HP: 21/25 MP: 2/11
   800 | D:1      | Reached skill level 1 in Invocations
   932 | D:2      | Learned a level 3 spell: Conjure Flame
   936 | D:2      | Learned a level 3 spell: Mephitic Cloud
  1043 | D:2      | Reached skill level 1 in Fighting
  1043 | D:2      | Reached skill level 1 in Short Blades
  1043 | D:2      | Reached skill level 1 in Long Blades
  1043 | D:2      | Reached skill level 1 in Axes
  1043 | D:2      | Reached skill level 1 in Maces & Flails
  1043 | D:2      | Reached skill level 1 in Polearms
  1043 | D:2      | Reached skill level 1 in Staves
  1043 | D:2      | Reached skill level 1 in Slings
  1043 | D:2      | Reached skill level 1 in Bows
  1043 | D:2      | Reached skill level 1 in Crossbows
  1043 | D:2      | Reached skill level 1 in Throwing
  1043 | D:2      | Reached skill level 1 in Armour
  1043 | D:2      | Reached skill level 1 in Shields
  1043 | D:2      | Reached skill level 1 in Unarmed Combat
  1043 | D:2      | Reached skill level 1 in Evocations
  1043 | D:2      | Reached XP level 4. HP: 25/32 MP: 5/13
  1177 | D:3      | Noticed Jessica
  1177 | D:3      | Noticed Natasha
  1193 | D:2      | Killed Natasha
  1210 | D:2      | Killed Jessica
  1210 | D:2      | Reached skill level 1 in Hexes
  1210 | D:2      | Reached skill level 1 in Charms
  1210 | D:2      | Reached skill level 1 in Necromancy
  1210 | D:2      | Reached skill level 1 in Transmutations
  1210 | D:2      | Reached skill level 1 in Fire Magic
  1210 | D:2      | Reached skill level 1 in Ice Magic
  1210 | D:2      | Reached skill level 1 in Air Magic
  1210 | D:2      | Reached skill level 1 in Earth Magic
  1210 | D:2      | Reached skill level 1 in Poison Magic
  1249 | D:2      | Noticed Natasha
  1254 | D:2      | Killed Natasha
  1254 | D:2      | Reached XP level 5. HP: 18/37 MP: 1/14
  1449 | D:2      | Noticed Natasha
  1512 | D:1      | Killed Natasha
  1813 | D:3      | Noticed Sigmund
  1992 | D:4      | Found an opulent altar of Gozag.
  2011 | D:4      | Noticed an ogre
  2132 | D:3      | HP: 1/38 [orc/flail (10)]
  2440 | D:2      | Reached XP level 6. HP: 37/44 MP: 11/16
  2849 | D:3      | Reached skill level 5 in Dodging
  3234 | D:3      | Noticed Robin
  3244 | D:3      | Killed Robin
  3463 | D:3      | Killed Sigmund
  3463 | D:3      | Reached XP level 7. HP: 42/50 MP: 11/18
  3646 | D:5      | Entered Level 5 of the Dungeon
  3825 | D:5      | Found a shimmering altar of Xom.
  3947 | D:5      | You fall through a shaft!
  4001 | D:5      | Reached skill level 5 in Stealth
  4021 | D:5      | HP: 2/51 [ogre/giant club (13)]
  4028 | D:5      | Slain by an orc

Skill      XL: |  1  2  3  4  5  6  7 |
---------------+----------------------+-----
Conjurations   | 2 3 |  3.0
Summonings     | 2 3 |  3.0
Translocations | 2 3 |  3.0
Invocations    | 1 2 |  2.9
Fighting       | 1 2 |  2.6
Short Blades   | 1 2 |  2.6
Long Blades    | 1 2 |  2.6
Axes           | 1 2 |  2.6
Maces & Flails | 1 2 |  2.6
Polearms       | 1 2 |  2.6
Staves         | 1 2 |  2.6
Slings         | 1 2 |  2.6
Bows           | 1 2 |  2.6
Crossbows      | 1 2 |  2.6
Throwing       | 1 2 |  2.6
Armour         | 1 2 |  2.6
Shields        | 1 2 |  2.6
Unarmed Combat | 1 2 |  2.6
Evocations     | 1 2 |  2.6
Hexes          | 1 2 |  2.1
Charms         | 1 2 |  2.1
Necromancy     | 1 2 |  2.1
Transmutations | 1 2 |  2.1
Fire Magic     | 1 2 |  2.1
Ice Magic      | 1 2 |  2.1
Air Magic      | 1 2 |  2.1
Earth Magic    | 1 2 |  2.1
Poison Magic   | 1 2 |  2.1
Dodging        | 5 |  5.3
Stealth        | 5 |  5.0
Spellcasting   | |  7.6

Action                   |  1- 3 |  4- 6 |  7- 9 || total
-------------------------+-------+-------+-------++-------
Melee: Short sword       |     1 |    12 |       ||    13
       Dagger            |       |       |    13 ||    13
       Bite              |       |       |     1 ||     1
 Cast: Magic Dart        |    83 |   181 |    60 ||   324
       Blink             |       |     1 |     2 ||     3
       Call Imp          |       |     4 |     2 ||     6
       Conjure Flame     |       |     1 |       ||     1
       Mephitic Cloud    |       |     1 |       ||     1
  Use: Scroll            |       |       |     4 ||     4
  Eat: Chunk             |       |     8 |     1 ||     9
Armor: Robe              |     8 |    23 |     6 ||    37
Dodge: Dodged            |    16 |    97 |    39 ||   152
